 Dungeon Crawl Stone Soup version 0.25-a0-346-g140ab784a8 (webtiles) character file.

Game seed: 5518483303136350653, levelgen mode: deterministic

100639 jt the Blocker (level 16, -4/113 HPs)
             Began as a Halfling Fighter on Dec 31, 2019.
             Was the Champion of Elyvilon.
             Slain by an entropy weaver (10 damage)
             ... on level 3 of the Spider Nest.
             The game lasted 02:49:35 (40785 turns).

jt the Blocker (Halfling Fighter)                  Turns: 40785, Time: 02:49:37

Health: -4/113     AC: 12    Str: 21    XL:     16   Next: 80%
Magic:  20/25      EV:  7    Int: 12    God:    Elyvilon [******]
Gold:   2183       SH:  0    Dex: 17    Spells: 15/15 levels left

rFire    + + .     SeeInvis .   P - +7 dagger of Vanity {elec, rElec rC+ rN+ Int+3}
rCold    + . .     Gourm    .   c - +1 shield
rNeg     + . .     Faith    +   y - +0 chain mail of Fun {rPois rF+ rC- Slay+5}
rPois    +         Spirit   .   l - +2 helmet
rElec    +         Reflect  .   u - scarf {rC+ rF+}
rCorr    .         Harm     .   E - +1 pair of gloves of Duty {Int+3 Stlth+}
MR       ++...                  (no boots)
Stlth    ..........             i - amulet of faith
HPRegen  0.28/turn              N - ring of protection from magic
MPRegen  0.19/turn              K - +3 ring of protection

@: corroded, held
A: small, mutation resistance 1
a: Lesser Healing, Heal Other, Purification, Greater Healing, Divine Vigour,
Divine Protection, Renounce Religion


You were on level 3 of the Spider Nest.
You worshipped Elyvilon.
Elyvilon was exalted by your worship.
You were not hungry.

You visited 6 branches of the dungeon, and saw 28 of its levels.

You collected 2481 gold pieces.
You spent 298 gold pieces at shops.

Inventory:

Hand Weapons
 a - a +1 scimitar
 b - a +0 hunting sling
 w - a +4 long sword of holy wrath
 F - a +0 trident
 P - the +7 dagger of Vanity (weapon) {elec, rElec rC+ rN+ Int+3}
   (You took it off a big kobold on level 6 of the Dungeon)

   Occasionally, upon striking a foe, it will discharge some electrical energy
   and cause terrible harm.
   It affects your intelligence (+3).
   It protects you from cold.
   It insulates you from electricity.
   It protects you from negative energy.
Missiles
 e - 6 curare-tipped darts
 g - 15 poisoned darts (quivered)
 q - 130 sling bullets
 z - 7 boomerangs
Armour
 c - a +1 shield (worn)
 d - the +0 pair of gloves "Xolollex" {*Slow rPois MR+ Int+4}
   (You found it on level 14 of the Dungeon)

   It affects your intelligence (+4).
   It protects you from poison.
   It affects your resistance to hostile enchantments.
   It may slow you when you take damage.
 l - a +2 helmet (worn)
 u - a scarf of resistance (worn)
 y - the +0 chain mail of Fun (worn) {rPois rF+ rC- Slay+5}
   (You found it on level 8 of the Dungeon)

   It affects your accuracy and damage with ranged weapons and melee attacks
   (+5).
   It protects you from fire.
   It makes you vulnerable to cold.
   It protects you from poison.
 E - the +1 pair of gloves of Duty (worn) {Int+3 Stlth+}
   (You found it on level 5 of the Lair of Beasts)

   It affects your intelligence (+3).
   It makes you more stealthy.
 H - a +2 chain mail of magic resistance
 I - a scarf of cloud immunity
Jewellery
 i - an amulet of faith (around neck)
 j - the ring "Noanete" {Fire Slay+3 Stlth+}
   (You acquired it on level 12 of the Dungeon)

   [ring of fire]

   It enhances your fire magic.
   It affects your accuracy and damage with ranged weapons and melee attacks
   (+3).
   It protects you from fire.
   It makes you vulnerable to cold.
   It makes you more stealthy.
 x - an uncursed ring of resist corrosion
 J - an uncursed ring of protection from fire
 K - a +3 ring of protection (right hand)
 N - a ring of protection from magic (left hand)
 T - an uncursed ring of protection from cold
Wands
 m - a wand of acid (1)
 v - a wand of flame (30)
 Q - a wand of digging (2)
 R - a wand of paralysis (26)
Scrolls
 n - 4 scrolls of immolation
 C - 8 scrolls of remove curse
 D - 7 scrolls of teleportation
 G - a scroll of holy word
 L - 3 scrolls of blinking
 M - 3 scrolls of fog
 X - 2 scrolls of magic mapping
 Y - 8 scrolls of identify
Potions
 k - 11 potions of curing
 o - 12 potions of lignification
 p - 2 potions of might
 r - 6 potions of haste
 s - 4 potions of heal wounds
 B - 3 potions of cancellation
 O - 4 potions of agility
 S - a potion of berserk rage
 W - 2 potions of flight
 Z - 2 potions of resistance
Miscellaneous
 h - a sack of spiders
 t - a phantom mirror
 A - a lamp of fire
Comestibles
 f - 19 rations


   Skills:
 + Level 11.5 Fighting
 + Level 13.4 Long Blades
 - Level 6.0 Throwing
 - Level 10.0 Armour
 + Level 6.5 Dodging
 + Level 14.7 Shields
 + Level 12.1 Invocations
 + Level 7.5 Evocations


You had 15 spell levels left.
You didn't know any spells.
Your spell library contained the following spells:

 Spells                   Type           Power        Failure   Level  Hunger
 Confusing Touch          Hex            #.....       98%         1    ##.....
 Corona                   Hex            #......      98%         1    ##.....
 Foxfire                  Conj/Fire      #...         98%         1    ##.....
 Infusion                 Chrm           #...         98%         1    ##.....
 Magic Dart               Conj           #...         98%         1    ##.....
 Blink                    Tloc           N/A          99%         2    ###....
 Call Imp                 Summ           #.......     99%         2    ###....
 Poisonous Vapours        Pois/Air       #.....       99%         2    ###....
 Shroud of Golubria       Chrm/Tloc      #.....       99%         2    ###....
 Slow                     Hex            #.......     99%         2    ###....
 Song of Slaying          Chrm           #.......     99%         2    ###....
 Confuse                  Hex            #.......     100%        3    ####...
 Conjure Flame            Conj/Fire      #.......     100%        3    ####...
 Gell's Gravitas          Tloc           #.........   100%        3    ####...
 Inner Flame              Hex/Fire       #.......     100%        3    ####...
 Mephitic Cloud           Conj/Pois/Air  #.......     100%        3    ####...
 Portal Projectile        Hex/Tloc       #.....       100%        3    ####...
 Regeneration             Chrm/Necr      #.........   100%        3    ####...
 Spectral Weapon          Hex/Chrm       #.......     100%        3    ####...
 Cause Fear               Hex            #.........   100%        4    #####..
 Leda's Liquefaction      Hex/Erth       #.........   100%        4    #####..
 Petrify                  Tmut/Erth      #.......     100%        4    #####..
 Sticky Flame             Conj/Fire      #.......     100%        4    #####..
 Fireball                 Conj/Fire      #.........   100%        5    ######.
 Irradiate                Conj/Tmut      #.........   100%        5    ######.
 Metabolic Englaciation   Hex/Ice        #.........   100%        5    ######.
 Yara's Violent Unravell  Hex/Tmut       #.........   100%        5    ######.
 Freezing Cloud           Conj/Ice/Air   #.........   100%        6    #######
 Hydra Form               Tmut           #.........   100%        6    #######
 Statue Form              Tmut/Erth      #........    100%        6    #######
 Dragon Form              Tmut           #.........   100%        7    #######
 Ring of Flames           Chrm/Fire      #.........   100%        7    #######


Dungeon Overview and Level Annotations

Branches:
Dungeon (14/15)            Temple (1/1) D:7            Lair (6/6) D:8
 Shoals (0/4) Lair:3       Spider (4/4) Lair:2          Orc (2/2) D:12
    Elf (1/3) Orc:2        Vaults (0/5) D:14
  Slime: Lair:5-6

Altars:
Ashenzari
Cheibriados
Dithmenos
Elyvilon
Fedhas
Gozag
Hepliaklqana
Kikubaaqudgha
Makhleb
Nemelex Xobeh
Okawaru
Qazlal
Ru
Sif Muna
Trog
Uskayaw
Vehumet
Wu Jian
Xom
Yredelemnul
Zin
The Shining One
Beogh

Shops:
D:5 *   D:7 *   Orc:1 [   Orc:2 !*[(

Annotations:
Lair:2 exclusion: orange crystal statue
Lair:3 Rupert
Lair:6 3 runed translucent doors, zkyp's ghost, journeyman HuAM
Spider:4 Mara
Orc:2 3 runed translucent doors, spaz's ghost, journeyman FoVM


Innate Abilities, Weirdness & Mutations

You are small and have problems with some larger weapons.
You are somewhat resistant to further mutation.


Message History

You feel purified!
You feel quite a bit more hungry. The jumping spider pounces on you.
* * * LOW HITPOINT WARNING * * *
You are even more entangled.
The jumping spider bites you but does no damage.
The wolf spider hits you!
* * * LOW HITPOINT WARNING * * *
The wolf spider bites you but does no damage.
The tarantella bites you.
* * * LOW HITPOINT WARNING * * *
The tarantella bites you.
* * * LOW HITPOINT WARNING * * *
The redback bites you.
* * * LOW HITPOINT WARNING * * *
The tarantella bites you! Elyvilon protects you from harm!
The entropy weaver hits you.
* * * LOW HITPOINT WARNING * * *
The entropy weaver barely misses you. The entropy weaver hits you!
You die...

.................................
.................................
....^..............).............
.................................
.................................
...............(.....)...........
................................^
...............s.a...............
†..............s@s...............
>..............sss.............<.
.................................
.................................
........<........................
....................##.##........
..................##.....##......
.................#......^..#.....
................#^.....^....#....


You could see an entropy weaver, a wolf spider, a jumping spider, 3 tarantellas
and a redback.

Vanquished Creatures
  Arachne (Spider:3)
  Gastronok (Lair:3)
  Agnes (Spider:1)
  2 ghost moths (Spider:2)
  An entropy weaver (Spider:4)
  2 spark wasps (Spider:2)
  Josephine (D:14)
  Erolcha (D:10)
  An ice dragon (D:14)
  2 hydras
  6 death yaks
  3 two-headed ogres
  A queen ant (Lair:3)
  2 tengu warriors (D:13)
  6 orc high priests
  Urug (D:11)
  An iron troll (D:14)
  An unseen horror (D:10)
  A flayed ghost (D:14)
  4 orc knights
  6 orb spiders
  24 wolf spiders
  7 ugly things
  A cyclops (D:13)
  A deep elf mage (D:14)
  A moth of wrath (Spider:3)
  3 centaur zombies
  2 elephants (Lair:2)
  3 black mambas
  Maurice (Orc:1)
  The ghost of pk666 the Thaumaturge, a novice DEWz of Vehumet (D:6)
  8 spiny frogs
  The ghost of bmj180 the Magician, a novice DrWz (D:5)
  2 gargoyles
  2 kobold demonologists
  A rime drake (Lair:5)
  4 komodo dragons
  A rime drake (shapeshifter) (D:14)
  2 tengu conjurers (D:14)
  7 demonic crawlers
  8 trolls
  Grinder (D:6)
  15 jumping spiders
  3 hornets
  9 blink frogs
  4 slime creatures (D:13)
  5 hippogriffs
  Sigmund (D:6)
  30 tarantellas
  39 redbacks
  A water elemental (D:12)
  A hog (shapeshifter) (D:14)
  A shadow (D:14)
  2 wyverns
  5 wraiths
  2 basilisks
  27 yaks
  A fire bat (shapeshifter) (D:13)
  A hungry ghost (D:12)
  Grum (D:9)
  A warg (Orc:2)
  An acid dragon (D:13)
  5 porcupines
  10 soldier ants (Lair:3)
  6 water moccasins
  A sky beast (D:10)
  2 black bears
  33 orc warriors
  3 ice beasts
  10 ogres
  14 wolves
  9 centaurs
  8 big kobolds
  8 crocodiles
  23 bullfrogs
  A wyvern zombie (D:14)
  4 scorpions
  2 wyvern skeletons
  17 killer bees
  3 wights (D:11)
  8 howler monkeys
  8 electric eels
  4 lava snakes (Lair:2)
  3 crimson imps
  2 quasits (D:8)
  A centaur skeleton (D:4)
  14 hounds
  4 jellies
  2 bullfrog skeletons
  31 orc priests
  18 orc wizards
  An iguana (D:8)
  29 worker ants
  A hound zombie (D:11)
  2 hound skeletons
  A worker ant zombie (D:9)
  12 adders
  5 shadow imps
  2 oozes
  3 worms
  A dart slug (D:2)
  5 leopard geckos
  87 orcs
  2 ball pythons
  2 bat zombies (D:8)
  4 giant cockroaches
  9 goblins
  3 hobgoblins (D:1)
  10 jackals
  2 quokkas (D:4)
  6 bats
  5 frilled lizards
  12 kobolds
  A leopard gecko skeleton (D:4)
  4 rats (D:1)
  4 rat zombies (D:8)
  A withered plant (D:4)
744 creatures vanquished.

Vanquished Creatures (others)
  A black mamba (Lair:3)
  A jumping spider (Spider:3)
  A redback (Spider:2)
  A soldier ant (Lair:3)
  A crocodile (Lair:4)
  4 worker ants (Lair:3)
  14 fungi
  11 plants
34 creatures vanquished.

Grand Total: 778 creatures vanquished

Notes
Turn   | Place    | Note
-------+----------+-------------------------------------------
     0 | D:1      | jt the Halfling Fighter began the quest for the Orb.
     0 | D:1      | Reached XP level 1. HP: 15/15 MP: 1/1
   176 | D:1      | Reached XP level 2. HP: 20/20 MP: 2/2
   631 | D:1      | Reached XP level 3. HP: 25/25 MP: 3/3
   830 | D:1      | Reached skill level 4 in Shields
  1072 | D:2      | Reached XP level 4. HP: 30/30 MP: 4/4
  2154 | D:3      | Reached XP level 5. HP: 35/35 MP: 5/5
  2518 | D:3      | Reached skill level 5 in Shields
  3156 | D:4      | Reached XP level 6. HP: 41/41 MP: 6/6
  3307 | D:4      | Found a radiant altar of Vehumet.
  3446 | D:4      | Found a basalt altar of Yredelemnul.
  3895 | D:5      | Entered Level 5 of the Dungeon
  4025 | D:5      | Found Vitish's Assorted Antiques.
  4071 | D:5      | Bought a runed lead wand for 88 gold pieces
  4435 | D:5      | Reached skill level 6 in Shields
  4475 | D:5      | Found a runed translucent door.
  4475 | D:5      | Noticed bmj180's ghost (novice DrWz)
  4516 | D:5      | Reached skill level 5 in Long Blades
  4516 | D:5      | Reached XP level 7. HP: 43/45 MP: 7/7
  5048 | D:6      | Found a runed translucent gate.
  5048 | D:6      | Found a runed translucent gate.
  5048 | D:6      | Found a runed translucent gate.
  5048 | D:6      | Identified the +7 dagger of Vanity {elec, rElec rC+ rN+
                  | Int+3}
  5048 | D:6      | Noticed pk666's ghost (novice DEWz)
  5050 | D:6      | Noticed a kobold demonologist
  5080 | D:6      | Noticed Sigmund
  5336 | D:6      | Noticed Grinder
  5349 | D:6      | Killed Grinder
  5349 | D:6      | Reached skill level 7 in Shields
  5349 | D:6      | Reached XP level 8. HP: 51/51 MP: 8/8
  5475 | D:6      | Found a shimmering blue altar of Sif Muna.
  5476 | D:6      | Found a white marble altar of Elyvilon.
  5505 | D:6      | Reached skill level 1 in Dodging
  5552 | D:6      | Became a worshipper of Elyvilon the Healer
  5843 | D:7      | Found Zin's Purification Station.
  5889 | D:7      | Found a glowing silver altar of Zin.
  6315 | D:6      | Killed Sigmund
  6315 | D:6      | Reached skill level 1 in Evocations
  6315 | D:6      | Reached XP level 9. HP: 57/57 MP: 9/9
  6354 | D:6      | Reached skill level 8 in Shields
  6627 | D:7      | Found a staircase to the Ecumenical Temple.
  6656 | Temple   | Entered the Ecumenical Temple
  6959 | D:7      | Reached * piety under Elyvilon
  7525 | D:7      | Found a shattered altar of Ashenzari.
  8137 | D:8      | Noticed a troll
  8246 | D:8      | Reached skill level 5 in Armour
  8396 | D:8      | Found a staircase to the Lair.
  8963 | D:8      | Reached ** piety under Elyvilon
  8991 | D:8      | Reached XP level 10. HP: 44/65 MP: 12/12
  9125 | D:8      | Found a shadowy altar of Dithmenos.
  9392 | D:8      | Got a blackened quarterstaff
  9393 | D:8      | Identified the +9 quarterstaff of the Apocalypse {flame,
                  | Dex+6} (You found it on level 8 of the Dungeon)
  9499 | D:8      | Got a heavily runed chain mail
  9785 | D:8      | Found an ancient bone altar of Kikubaaqudgha.
 10006 | D:9      | Reached skill level 9 in Shields
 10011 | D:9      | Reached skill level 5 in Fighting
 10138 | D:9      | Reached *** piety under Elyvilon
 10204 | D:9      | Identified the cursed +0 chain mail of Fun {rPois rF+ rC-
                  | Slay+5} (You found it on level 8 of the Dungeon)
 10351 | D:9      | Noticed Grum
 10528 | D:9      | Killed Grum
 10846 | Lair:1   | Entered Level 1 of the Lair of Beasts
 10847 | Lair:1   | Noticed a komodo dragon
 10853 | Lair:1   | Reached skill level 5 in Dodging
 10873 | Lair:1   | Killed a komodo dragon
 10988 | Lair:1   | Noticed a komodo dragon
 11000 | Lair:1   | Killed a komodo dragon
 11234 | Lair:1   | Noticed a black mamba
 11242 | Lair:1   | Killed a black mamba
 11242 | Lair:1   | Reached skill level 1 in Invocations
 11283 | Lair:1   | Reached XP level 11. HP: 49/72 MP: 14/14
 11488 | Lair:1   | Reached **** piety under Elyvilon
 11548 | Lair:1   | Reached skill level 5 in Evocations
 12665 | Lair:1   | Reached skill level 10 in Shields
 13187 | Lair:2   | Noticed a seven-headed hydra
 13195 | Lair:2   | Noticed an orange crystal statue
 13621 | Lair:2   | Found a hole to the Spider Nest.
 13621 | Lair:2   | Noticed an orb spider
 13651 | Lair:2   | Noticed an elephant
 13672 | Lair:2   | Killed an elephant
 13707 | Lair:2   | Noticed an elephant
 13722 | Lair:2   | Killed an elephant
 13889 | Lair:2   | Killed an orb spider
 14377 | Lair:3   | Noticed Gastronok
 14397 | Lair:2   | Reached XP level 12. HP: 80/80 MP: 16/16
 14486 | Lair:3   | Killed Gastronok
 14609 | Lair:3   | Reached skill level 5 in Invocations
 15299 | Lair:3   | Found a staircase to the Shoals.
 15301 | Lair:3   | Reached ***** piety under Elyvilon
 15314 | Lair:3   | Noticed Rupert
 15382 | Lair:3   | Noticed a queen ant
 15439 | Lair:3   | Reached skill level 1 in Throwing
 15461 | Lair:3   | Killed a queen ant
 15586 | Lair:3   | Reached skill level 11 in Shields
 16193 | Lair:3   | Reached skill level 10 in Long Blades
 16556 | Lair:4   | Reached XP level 13. HP: 56/88 MP: 17/17
 16933 | Lair:4   | Noticed a five-headed hydra
 16937 | Lair:4   | Pacified a five-headed hydra
 17820 | Lair:5   | Got a pair of slimy gloves
 17821 | Lair:5   | Identified the +1 pair of gloves of Duty {Int+3 Stlth+}
                  | (You found it on level 5 of the Lair of Beasts)
 18309 | Lair:5   | Noticed an eight-headed hydra
 18412 | Lair:5   | Pacified a 13-headed hydra
 18692 | Lair:5   | Noticed an eight-headed hydra
 18709 | Lair:5   | Killed an eight-headed hydra
 18768 | Lair:6   | Entered Level 6 of the Lair of Beasts
 18969 | Lair:5   | Reached skill level 10 in Armour
 19434 | Lair:6   | Found a glowing golden altar of the Shining One.
 19456 | Lair:6   | Noticed zkyp's ghost (journeyman HuAM)
 19458 | Lair:6   | Noticed a four-headed hydra
 19464 | Lair:6   | Found a runed translucent gate.
 19464 | Lair:6   | Found a runed translucent gate.
 19466 | Lair:6   | Found a runed translucent gate.
 19609 | Lair:6   | Noticed an eight-headed hydra
 20009 | D:5      | Killed bmj180's ghost
 20373 | D:6      | Killed pk666's ghost
 20645 | D:9      | Found a hazy altar of Hepliaklqana.
 20903 | D:10     | Entered Level 10 of the Dungeon
 21036 | D:10     | Reached skill level 12 in Shields
 21259 | D:10     | Reached skill level 5 in Throwing
 21737 | D:10     | Noticed Erolcha
 21919 | D:10     | Killed Erolcha
 21919 | D:10     | Reached XP level 14. HP: 87/95 MP: 20/20
 22466 | D:11     | Noticed Urug
 22497 | D:11     | Killed Urug
 22668 | D:11     | Reached ****** piety under Elyvilon
 23793 | D:12     | Found a staircase to the Orcish Mines.
 23851 | Orc:1    | Entered Level 1 of the Orcish Mines
 23881 | Orc:1    | Found Gawiahar's Antique Armour Shoppe.
 24260 | Orc:1    | Found a roughly hewn altar of Beogh.
 24328 | Orc:1    | Noticed Maurice
 24339 | Orc:1    | Killed Maurice
 24498 | Orc:2    | Entered Level 2 of the Orcish Mines
 24502 | Orc:2    | Found a runed translucent gate.
 24503 | Orc:2    | Found a staircase to the Elven Halls.
 24503 | Orc:2    | Found a runed translucent gate.
 24503 | Orc:2    | Found an opulent altar of Gozag.
 24504 | Orc:2    | Found a runed translucent gate.
 24510 | Orc:2    | Noticed spaz's ghost (journeyman FoVM)
 24899 | Orc:2    | Found a roughly hewn altar of Beogh.
 27299 | D:12     | Identified 2 scrolls of acquirement
 27301 | D:12     | Identified the ring "Noanete" {Fire Slay+3 Stlth+} (You
                  | acquired it on level 12 of the Dungeon)
 28367 | D:13     | Reached skill level 13 in Shields
 29277 | Orc:1    | Reached XP level 15. HP: 67/103 MP: 22/22
 29796 | Orc:2    | Found Fyoton's Distillery.
 29796 | Orc:2    | Found Jojureni's Weapon Emporium.
 29797 | Orc:2    | Found Kiosiaq's Assorted Antiques.
 29797 | Orc:2    | Found Giagak's Antique Armour Shoppe.
 29811 | Orc:2    | Bought a scroll labeled IXTUGREXTU for 28 gold pieces
 30023 | Elf:1    | Entered Level 1 of the Elven Halls
 30239 | Spider:1 | Entered Level 1 of the Spider Nest
 30266 | Spider:1 | Reached skill level 10 in Fighting
 30288 | Spider:1 | Reached skill level 10 in Invocations
 31183 | Spider:1 | Noticed Agnes
 31193 | Spider:1 | Killed Agnes
 32251 | Orc:2    | Bought a runed long sword for 182 gold pieces
 33856 | D:14     | Noticed Josephine
 33882 | D:14     | Killed Josephine
 34691 | D:14     | Found a gate to the Vaults.
 34698 | D:14     | Identified the +0 pair of gloves "Xolollex" {*Slow rPois
                  | MR+ Int+4} (You found it on level 14 of the Dungeon)
 35780 | Spider:2 | Reached skill level 14 in Shields
 36077 | Spider:2 | Noticed an emperor scorpion
 36084 | Spider:2 | Pacified an emperor scorpion
 36178 | Spider:2 | Killed a ghost moth
 36179 | Spider:2 | Reached XP level 16. HP: 66/112 MP: 1/24
 39111 | Spider:3 | Noticed Arachne
 39368 | Spider:3 | Killed Arachne
 40610 | Spider:4 | Entered Level 4 of the Spider Nest
 40735 | Spider:4 | Noticed Mara
 40785 | Spider:3 | Elyvilon protects you from harm!
 40785 | Spider:3 | Slain by an entropy weaver

Levels and vault maps discovered:
D:1:      shiori_arrival_maze, layout_basic
D:2:      layout_basic, first_ration
D:3:      layout_basic, minivault_25
D:4:      layout_gridville, yredelemnul_altar_generic, vehumet_crystals
D:5:      layout_loops_corners, ebering_ghost_inner_flame,
          minmay_shop_grid_forest
D:6:      layout_basic, nicolae_overflow_hidden_temple,
          gammafunk_ghost_nasty_kobolds, uniq_sigmund, uniq_grinder
D:7:      layout_basic, zin_purify, kennysheep_mini_moat,
          minmay_temple_entry_offerings, grunt_ogre_cave, patterned_corridor
D:8:      layout_loops_ring, lemuel_zombie_altar_kikubaaqudgha,
          old_standard_altar, erik_lair_island
D:9:      layout_irregular_city, marbit_many_paths, lemuel_old_faithful,
          uniq_grum
D:10:     layout_roguey, uniq_erolcha
D:11:     layout_rooms, kennysheep_nondescript, uniq_urug
D:12:     layout_roguey, erik_orc_2, serial_bayou_lake_a
D:13:     layout_roguey
D:14:     layout_loops_cross, david_vaults_4, minmay_fountain_box, drop_trap,
          minmay_checkerbox, uniq_josephine
Temple:   oiseaux_autumnal_temple
Lair:1:   layout_layer_cave, nicolae_quartered_pool_little, grunt_megastairs_2
Lair:2:   layout_loops_ring, nicolae_spider_entry_orb_guardian,
          serial_bayou_pond_e, disabler_island
Lair:3:   layout_regular_city, minmay_shoals_entry_centaurs,
          serial_bayou_pond_d, zaba_anthell, uniq_gastronok, uniq_rupert
Lair:4:   layout_big_grid
Lair:5:   layout_big_grid
Lair:6:   evilmike_catoblepas_cave, layout_layer_cave,
          minmay_slime_entry_pillars, basic_altar, gammafunk_ghost_split,
          chequers_serial_rivers_micro_a
Spider:1: layout_chambers, drop_trap, uniq_agnes
Spider:2: layout_chambers, drop_trap
Spider:3: layout_spider_delve, nicolae_arachne_temple
Spider:4: spider_rune_water, drop_trap, uniq_mara, uniq_arachne, uniq_nikola
Orc:1:    layout_diamond_mine, serial_shops, shop, bh_open_orc_temple,
          uniq_maurice
Orc:2:    st_orc_pillars, layout_caves, basic_altar, ebering_ghost_gozag
Elf:1:    elf_arrival_002, layout_onion_city, serial_shops, shop,
          minmay_elf_crystal_hexagon, due_unseen_surprise

Skill      XL: |  1  2  3  4  5  6  7  8  9 10 11 12 13 14 15 16 |
---------------+-------------------------------------------------+-----
Shields        | 4 5 6 7 8 9 10 11 12 13 14 | 14.7
Long Blades    | 3 4 5 6 7 8 9 10 11 12 13 | 13.4
Fighting       | 3 4 5 6 7 8 9 11 | 11.5
Dodging        | 2 4 5 6 |  6.5
Armour         | 4 5 6 8 9 10 | 10.0
Evocations     | 1 3 4 6 7 |  7.5
Invocations    | 1 4 6 8 9 11 12 | 12.1
Throwing       | 2 5 6 |  6.0

Action                   |  1- 3 |  4- 6 |  7- 9 | 10-12 | 13-15 | 16-18 || total
-------------------------+-------+-------+-------+-------+-------+-------++-------
Melee: Long sword        |    73 |   242 |   370 |       |    57 |    37 ||   779
       Scimitar          |       |       |    36 |   689 |  1253 |   236 ||  2214
       Dagger            |       |       |       |       |   134 |   128 ||   262
 Fire: Hunting sling     |       |       |       |    10 |    17 |       ||    27
Throw: Stone             |    35 |    29 |       |       |       |       ||    64
       Boomerang         |       |    12 |    20 |   124 |   370 |    30 ||   556
       Dart              |       |    14 |    43 |    69 |   124 |    69 ||   319
Invok: Heal Other        |       |       |       |    10 |    10 |     5 ||    25
       Lesser Healing    |       |       |       |     3 |     3 |     1 ||     7
       Divine Protection |       |       |       |     2 |       |       ||     2
       Divine Vigour     |       |       |       |       |     1 |       ||     1
       Purification      |       |       |       |       |       |     4 ||     4
       Greater Healing   |       |       |       |       |       |     1 ||     1
Evoke: Wand              |       |       |    12 |     7 |    24 |     8 ||    51
       Lamp of fire      |       |       |       |       |     3 |       ||     3
  Use: Potion            |     1 |       |       |     7 |     7 |     8 ||    23
       Scroll            |       |     6 |    11 |    16 |    18 |     1 ||    52
 Stab: Paralysed         |       |       |    20 |     6 |    12 |       ||    38
       Invisible         |       |       |       |    11 |       |     2 ||    13
       Confused          |       |       |       |       |     1 |       ||     1
  Eat: Chunk             |     1 |     8 |    11 |    17 |    22 |     5 ||    64
       Ration            |       |     1 |     1 |     4 |    14 |     4 ||    24
Armor: Scale mail        |    31 |    68 |       |       |       |       ||    99
       Ice dragon scales |       |    10 |   178 |    53 |       |       ||   241
       Chain mail        |       |       |       |   158 |   417 |   250 ||   825
Dodge: Dodged            |    21 |    83 |   159 |   264 |   423 |   213 ||  1163
Block: Shield            |    45 |   110 |   229 |   441 |   833 |   381 ||  2039
       Rpst.: Long sword |    10 |    30 |    35 |       |     3 |     5 ||    83
       Scimitar          |       |       |     9 |    85 |    97 |    25 ||   216

Table legend:
 A = Non-vault XP
 B = Vault XP
 C = Vault XP percentage of total XP
 D = Non-vault monster count
 E = Vault monster count
 F = Vault count percentage of total count
                 A         B        C        D         E       F
            +---------+---------+-------+---------+---------+-------
      Total |   91978 |   47460 |  34.0 |     533 |     213 |  28.6
            +---------+---------+-------+---------+---------+-------
        D:1 |      36 |       3 |   7.7 |      22 |       2 |   8.3
        D:2 |      89 |       0 |   0.0 |      22 |       0 |   0.0
        D:3 |      69 |       0 |   0.0 |      17 |       0 |   0.0
        D:4 |     165 |       0 |   0.0 |      19 |       0 |   0.0
        D:5 |     354 |     454 |  56.2 |      15 |       2 |  11.8
        D:6 |     824 |    2002 |  70.8 |      22 |      11 |  33.3
        D:7 |     444 |     121 |  21.4 |       7 |       1 |  12.5
        D:8 |    1247 |     984 |  44.1 |      27 |      16 |  37.2
        D:9 |     726 |     437 |  37.6 |      17 |       3 |  15.0
       D:10 |    3648 |     982 |  21.2 |      32 |       1 |   3.0
       D:11 |    4938 |    1002 |  16.9 |      35 |       4 |  10.3
       D:12 |    4399 |     618 |  12.3 |      27 |      18 |  40.0
       D:13 |    6548 |       0 |   0.0 |      21 |       0 |   0.0
       D:14 |    4137 |    5624 |  57.6 |      18 |      12 |  40.0
     Lair:1 |    4751 |     618 |  11.5 |      25 |       3 |  10.7
     Lair:2 |    4477 |     797 |  15.1 |      17 |       5 |  22.7
     Lair:3 |    3123 |    5642 |  64.4 |      14 |      39 |  73.6
     Lair:4 |    5348 |       0 |   0.0 |      19 |       0 |   0.0
     Lair:5 |    5557 |     880 |  13.7 |      17 |       1 |   5.6
     Lair:6 |    1258 |       0 |   0.0 |       3 |       0 |   0.0
   Spider:1 |    8648 |    2049 |  19.2 |      23 |       1 |   4.2
   Spider:2 |   21343 |    2682 |  11.2 |      58 |       6 |   9.4
   Spider:3 |    5746 |   11164 |  66.0 |      18 |      26 |  59.1
   Spider:4 |    1637 |       0 |   0.0 |       2 |       0 |   0.0
      Orc:1 |     874 |    3580 |  80.4 |      12 |      12 |  50.0
      Orc:2 |    1592 |    7821 |  83.1 |      24 |      50 |  67.6
            +---------+---------+-------+---------+---------+-------
